 Dungeon Crawl Stone Soup version 0.30.0-10-gfe55d96785 (webtiles) character file.

Game seed: 16852836700091005538

7 Byczy the Caller (level 1, 0/10 HPs)
             Began as a Deep Elf Summoner on May 15, 2023.
             Slain by a hobgoblin (2 damage)
             ... on level 1 of the Dungeon.
             The game lasted 00:00:46 (95 turns).

Byczy the Caller (Deep Elf Summoner)                  Turns: 95, Time: 00:00:47

Health: 0/10       AC:  2    Str:  5    XL:     1   Next: 83%
Magic:  5/6        EV: 12    Int: 19    God:
Gold:   21         SH:  0    Dex: 15    Spells: 5/6 levels left

rFire   . . .        (no weapon)
rCold   . . .        (no shield)
rNeg    . . .        a - +0 robe
rPois   .            (no helmet)
rElec   .            (no cloak)
rCorr   .            (no gloves)
SInv    .            (no boots)
Will    +....        (no amulet)
Stlth   ++           c - ring of willpower
HPRegen 0.21/turn    (no ring)
MPRegen 0.10/turn

%: no passive effects
@: no status effects
A: no striking features
a: no special abilities


You were on level 1 of the Dungeon.
You visited 1 branch of the dungeon, and saw 1 of its levels.

You collected 21 gold pieces.

Inventory:

Armour
 a - a +0 robe (worn)
Jewellery
 c - a ring of willpower (left hand)
Scrolls
 d - a scroll of teleportation {unknown}
Potions
 b - a potion of magic
 e - a potion of might {unknown}


   Skills:
 + Level 2.5 Dodging
 + Level 2.4 Stealth
 + Level 3.0 Spellcasting
 + Level 4.7 Summonings


You had 5 spell levels left.
You knew the following spells:

 Your Spells              Type           Power      Damage    Failure   Level
a - Summon Small Mammal   Summ           80%        N/A       2%          1

Your spell library contained the following spells:

 Spells                   Type           Power      Damage    Failure   Level
 Call Imp                 Summ           40%        N/A       3%          2
 Call Canine Familiar     Summ           20%        N/A       6%          3
 Summon Guardian Golem    Hex/Summ       11%        N/A       17%         3
 Summon Lightning Spire   Summ/Air       11%        N/A       50%         4


Dungeon Overview and Level Annotations

Branches:
Dungeon (1/15)

Altars:


Message History

The ball python dies!
e - a purple potion You see here a ball python corpse.
Your quokka disappears in a puff of smoke!
There are no objects that can be picked up here. a ball python corpse Your quokka disappears in a puff of smoke!
You now have 21 gold pieces (gained 11).
Found 11 gold pieces.
A rat comes into view.
Found a leather armour.
A bat and a hobgoblin come into view.
A bat comes into view.
The hobgoblin shouts!
Your bat hits the rat but does no damage.
You see here 11 gold pieces.
Your bat hits the rat. The rat misses your bat. The rat bites you.
Your bat hits the rat but does no damage.
You hit the rat.
The rat is severely wounded.
Your bat closely misses the rat.
The rat barely misses you.
Your quokka bites the rat.
The rat dies!
Found a scroll labelled ENLETHR LISSOIMN.
The bat hits you.
Your bat hits the bat but does no damage.
The hobgoblin hits you.
Ouch! That really hurt!
* * * LOW HITPOINT WARNING * * *
The bat hits your bat but does no damage.
Your bat misses the bat.
The bat hits your quokka but does no damage.
Your quokka closely misses the bat.
The bat barely misses your bat. The bat barely misses you.
Your bat hits the bat. The bat closely misses you. The bat misses your bat.
The hobgoblin hits you.
* * * LOW HITPOINT WARNING * * *
The hobgoblin attacks as you move away! The hobgoblin hits you.
You die...

####... ######.....#
...........####
.............
#....b.....? #
#...b.r.##### #.#
##..........# ..
#...#...g...###. ...
.........@b.# ....
..[....$....# ###...
...........#####.....
.
......#..........##.#
..#
.....###.........##.#
..# #...#
#.#.......##.##..#
###.
#.#..............# #
#.#..............#
#.#.............#..


You could see a hobgoblin, 2 bats, a friendly quokka (summoned) and a friendly
bat (summoned).

Vanquished Creatures (collateral kills)
  2 ball pythons (D:1)
  An endoplasm (D:1)
  A bat (D:1)
  A frilled lizard (D:1)
  A kobold (D:1)
  2 rats (D:1)
8 creatures vanquished.

Notes
Turn   | Place    | Note
-------+----------+-------------------------------------------
     0 | D:1      | Byczy the Deep Elf Summoner began the quest for the Orb.
     0 | D:1      | Reached XP level 1. HP: 10/10 MP: 6/6
    95 | D:1      | Slain by a hobgoblin

Illustrated notes

Levels and vault maps discovered:
D:1:      dpeg_arrival_houses_and_road, layout_rooms

Action                     || total
---------------------------++-------
  Melee: Unarmed           ||     5
   Cast: Summon Small Mamm ||     6
 Armour: Robe              ||     3
  Dodge: Dodged            ||    11
